 Dungeon Crawl Stone Soup version 0.23-a0-701-gd76f34b (console) character file.

170 bli the Cudgeler (level 5, -5/33 HPs)
             Began as a Gargoyle Monk on Jan 12, 2019.
             Was a Priest of Elyvilon.
             Slain by Crazy Yiuf
             ... wielding a +4 quarterstaff of chaos
              (8 damage)
             ... on level 3 of the Dungeon.
             The game lasted 00:12:19 (3006 turns).

bli the Cudgeler (Gargoyle Monk)                    Turns: 3006, Time: 00:12:20

Health: -5/33      AC:  7    Str: 15    XL:     5   Next: 51%
Magic:  5/5        EV: 12    Int: 11    God:    Elyvilon [***...]
Gold:   119        SH:  0    Dex: 12    Spells: 4/4 levels left

rFire    + . .     SeeInvis .   a - +0 mace
rCold    x . .     Gourm    .   (no shield)
rNeg     + . .     Faith    .   u - +0 leather armour
rPois    ∞         Spirit   .   (no helmet)
rElec    +         Reflect  .   (no cloak)
rCorr    .         Harm     .   (no gloves)
MR       .....                  (no boots)
Stlth    ++........             (no amulet)
HPRegen  0.11/turn              i - ring of fire (curse)
MPRegen  0.09/turn              (no ring)

@: no status effects
A: negative energy resistance 1, electricity resistance, unbreathing,
petrification resistance, rot immunity, AC +4
a: Lesser Healing, Heal Other, Purification, Divine Protection, Renounce
Religion


You were on level 3 of the Dungeon.
You worshipped Elyvilon.
Elyvilon was most pleased with you.
You were not hungry.

You visited 1 branch of the dungeon, and saw 3 of its levels.

You collected 119 gold pieces.

Inventory:

Hand Weapons
 a - a +0 mace (weapon)
 b - a +0 hunting sling
 l - a +1 short sword of electrocution
 q - a +2 spear of piercing
 t - a +1 dagger of flaming
Missiles
 e - 72 stones
 A - 2 javelins (quivered)
 D - a throwing net
Armour
 k - a +0 chain mail
 o - a +0 robe
 u - a +0 leather armour (worn)
 B - a +0 ring mail
Jewellery
 i - a cursed ring of fire (left hand)
Scrolls
 d - a scroll of blinking {unknown}
 g - 2 scrolls of fog {unknown}
 j - 3 scrolls of remove curse {unknown}
 m - a scroll of magic mapping {unknown}
 r - 2 scrolls of fear {unknown}
 s - 2 scrolls of identify {unknown}
 v - a scroll of amnesia {unknown}
 x - a scroll of teleportation {unknown}
 y - a scroll of enchant armour {unknown}
Potions
 f - a potion of brilliance {unknown}
 h - a potion of mutation {unknown}
 n - a potion of curing {unknown}
 p - 2 potions of agility {unknown}
 w - a potion of cancellation {unknown}
 z - a potion of haste {unknown}
 C - a potion of invisibility {unknown}
Comestibles
 c - 8 rations


   Skills:
 + Level 3.8 Fighting
 + Level 5.5 Maces & Flails
 + Level 0.4 Slings
 + Level 1.0 Armour
 - Level 2.4 Dodging
 - Level 2.1 Stealth


You had 4 spell levels left.
You didn't know any spells.
Your spell library was empty.

Dungeon Overview and Level Annotations

Branches:
Dungeon (3/15)

Altars:
Elyvilon
Qazlal

Annotations:
D:3 1 runed door, Crazy Yiuf


Innate Abilities, Weirdness & Mutations

You are resistant to torment.
Your stone body is resilient. (AC +4)
You are immune to poison.
You resist negative energy. (rN+)
You are resistant to electric shocks. (rElec)
You can survive without breathing.
You are immune to petrification.
You are immune to rotting.


Message History

Crazy Yiuf is moderately wounded.
Crazy Yiuf hits you with a +4 quarterstaff of chaos.
You hit Crazy Yiuf but do no damage.
Crazy Yiuf is moderately wounded.
Crazy Yiuf hits you with a +4 quarterstaff of chaos.
You barely miss Crazy Yiuf.
Crazy Yiuf is moderately wounded.
Crazy Yiuf misses you.
You closely miss Crazy Yiuf.
Crazy Yiuf is moderately wounded.
Crazy Yiuf hits you with a +4 quarterstaff of chaos!
Crazy Yiuf freezes you.
You hit Crazy Yiuf.
Crazy Yiuf is heavily wounded.
Crazy Yiuf hits you with a +4 quarterstaff of chaos!
* * * LOW HITPOINT WARNING * * *
You barely miss Crazy Yiuf.
Crazy Yiuf is heavily wounded.
Crazy Yiuf hits you with a +4 quarterstaff of chaos!
You die...

#.#.###########)#<....#......#
#.#.##..........#.....##.....##
###.#.##.............#######.#...
..).#.##.............# ###...##
#####.##................ ..>....
#.....################# #. #...
#.#.### #..#... #.#.####♣♣♣♣♣
#..#.# #.#.##.)P)♣)♣♣♣ ### ....
#.#..)..P.)♣))♣#)))# #.##
#.#......)♣♣♣♣@g)(.# ## ##...
#.#.#.).P♣♣ ♣♣#)))# #P P#.##
#.#.####♣♣ ### #. .#.#. #.#.#
##+##.#. #.#.# #...#.#. #.#.#
##.##.#÷ #.#. #.##<#[ #.# #..#.#.
###.#######################..#.#.
#......).....................#.##
#.#.#######################.##.#


You could see Crazy Yiuf.

Vanquished Creatures
  4 gnolls (D:3)
  6 adders
  An ooze (D:3)
  A worm (D:3)
  4 orcs (D:3)
  2 ball pythons
  6 bats
  4 giant cockroaches
  8 goblins
  3 hobgoblins (D:1)
  12 jackals
  7 kobolds
  3 frilled lizards
  4 rats
  A fungus (D:3)
66 creatures vanquished.

Notes
Turn   | Place    | Note
-------+----------+-------------------------------------------
     0 | D:1      | bli the Gargoyle Monk began the quest for the Orb.
     0 | D:1      | Reached XP level 1. HP: 14/14 MP: 1/1
    91 | D:1      | Reached XP level 2. HP: 19/19 MP: 2/2
   429 | D:2      | Reached skill level 4 in Maces & Flails
   440 | D:2      | Reached XP level 3. HP: 18/23 MP: 3/3
  1231 | D:2      | Reached XP level 4. HP: 23/28 MP: 4/4
  1296 | D:2      | Found a faded altar of an unknown god.
  1304 | D:2      | Became a worshipper of Elyvilon the Healer
  1304 | D:2      | Reached * piety under Elyvilon
  1304 | D:2      | Reached ** piety under Elyvilon
  1353 | D:2      | Found a stormy altar of Qazlal.
  1418 | D:2      | Reached *** piety under Elyvilon
  1528 | D:3      | Found a runed door.
  1622 | D:3      | Reached skill level 5 in Maces & Flails
  2139 | D:3      | Reached XP level 5. HP: 28/33 MP: 5/5
  2481 | D:3      | Reached skill level 1 in Armour
  2994 | D:3      | Found a runed door.
  2998 | D:3      | Noticed Crazy Yiuf
  3006 | D:3      | Slain by Crazy Yiuf

Vault maps used:
D:1:      scummos_arrival_checkerplants, nrook_mini_vaults
D:2:      nicolae_qazlal_eye_of_the_storm, chequers_ecumenical_altar_lobes,
          first_ration, minmay_misc_feat_doors
D:3:      minmay_razor_zed, gammafunk_ghost_grave, uniq_crazy_yiuf_cottage

Skill      XL: |  1  2  3  4  5 |
---------------+----------------+-----
Maces & Flails | 4 5 |  5.5
Armour         | 1 |  1.0
Fighting       | |  3.8
Slings         | |  0.4
Dodging        | |  2.4
Stealth        | |  2.1

Action                   |  1- 3 |  4- 6 || total
-------------------------+-------+-------++-------
Melee: Mace              |   102 |   138 ||   240
 Fire: Hunting sling     |     6 |       ||     6
Throw: Stone             |     6 |     1 ||     7
       Javelin           |       |     9 ||     9
 Stab: Sleeping          |     3 |     2 ||     5
  Eat: Chunk             |     1 |     6 ||     7
Armor: Robe              |    29 |       ||    29
       Leather armour    |     3 |    53 ||    56
Dodge: Dodged            |    83 |   107 ||   190

Table legend:
 A = Non-vault XP
 B = Vault XP
 C = Vault XP percentage of total XP
 D = Non-vault monster count
 E = Vault monster count
 F = Vault count percentage of total count
                 A         B        C        D         E       F
            +---------+---------+-------+---------+---------+-------
      Total |     223 |      21 |   8.6 |      61 |       4 |   6.2
            +---------+---------+-------+---------+---------+-------
        D:1 |      28 |       0 |   0.0 |      16 |       0 |   0.0
        D:2 |      78 |       0 |   0.0 |      25 |       0 |   0.0
        D:3 |     117 |      21 |  15.2 |      20 |       4 |  16.7
            +---------+---------+-------+---------+---------+-------
